 Dungeon Crawl Stone Soup version 0.28-a0-612-gcfc00ec14d (webtiles) character file.

Game seed: 11911143582562237752

0 meatgazer the Skirmisher (level 1, -7/19 HPs)
             Began as a Draconian Abyssal Knight on Oct 5, 2021.
             Was a Follower of Lugonu.
             Mangled by a large abomination (20 damage)
             ... on level 3 of the Abyss.
             The game lasted 00:00:27 (84 turns).

meatgazer the Skirmisher (Draconian Abyssal Knight)   Turns: 84, Time: 00:00:27

Health: -7/19      AC:  4    Str: 15    XL:     1   Next: 0%
Magic:  2/2        EV: 12    Int: 10    God:    Lugonu [*.....]
Gold:   78         SH:  0    Dex: 11    Spells: 0/0 levels left

rFire   . . .      SeeInvis .   a - +1 spear
rCold   . . .      Faith    .   (no shield)
rNeg    . . .      Spirit   .   (armour unavailable)
rPois   .          Reflect  .   (helmet restricted)
rElec   .          Harm     .   (no cloak)
rCorr   .          Rampage  .   (no gloves)
Will    .....                   (no boots)
Stlth   +.........              (no amulet)
HPRegen 0.06/turn               (no ring)
MPRegen 0.08/turn               (no ring)

@: no status effects
A: AC +4, unfitting armour, cold-blooded
a: Renounce Religion, Depart the Abyss


You were on level 3 of the Abyss.
You worshipped Lugonu.
Lugonu was aware of your devotion.
You visited 0 branches of the dungeon, and saw 0 of its levels.
You visited the Abyss 1 time.

You collected 78 gold pieces.

Inventory:

Hand Weapons
 a - a +1 spear (weapon)


   Skills:
 + Level 3.2 Fighting
 + Level 2.0 Polearms
 + Level 2.1 Dodging
 + Level 2.0 Invocations


You couldn't memorise any spells.
You didn't know any spells.
Your spell library was empty.

Dungeon Overview and Level Annotations

Branches:
Dungeon (0/15)

Altars:


Innate Abilities, Weirdness & Mutations

Your plain brown scales are hard. (AC +4)
You cannot fit into any form of body armour.
You are cold-blooded and may be slowed by cold attacks.


Message History

Welcome, meatgazer the Draconian Abyssal Knight.
It is said that the Orb of Zot exists deep within this dungeon.
Lugonu says: Depart the Abyss and spread corruption, my servant! (use the ability menu to exit the Abyss) Press ? for a list of commands and other information.
Found a corrupted altar of Lugonu.
Found a gateway leading out of the Abyss.
Found a gateway leading deeper into the Abyss.
Found a gateway leading deeper into the Abyss.
There is a gateway leading deeper into the Abyss here.
You plunge deeper into the Abyss.
Found 23 gold pieces.
You now have 23 gold pieces.
You now have 31 gold pieces (gained 8).
Found a hunting sling.
Found an iron altar of Okawaru.
Found a gateway leading deeper into the Abyss.
There is a gateway leading deeper into the Abyss here.
You plunge deeper into the Abyss.
The abyssal rune of Zot can be found at this depth.
Found a broken altar of Ashenzari.
A large abomination comes into view.
Found 26 gold pieces.
You see here 19 gold pieces.
You now have 50 gold pieces (gained 19).
Found 28 gold pieces.
Your body is wracked with pain!
You see here 28 gold pieces.
You now have 78 gold pieces (gained 28).
The large abomination closely misses you.
An apocalypse crab comes into view.
The large abomination hits you!!
Ouch! That really hurt!
You die...

# ## .#
#.##.#####..#
#t....X@.#
#######.#######
#.. ........ .#
+.......... ..+
#.............#
##.............#
##..#...#+#......
#..#...## #.....
....#### ###..


You could see an apocalypse crab and a large abomination.

Vanquished Creatures (others)
  A lurking horror (Abyss:3)
1 creature vanquished.

Notes
Turn   | Place    | Note
-------+----------+-------------------------------------------
     0 | Abyss:1  | meatgazer the Draconian Abyssal Knight began the quest for
                  | the Orb.
     0 | Abyss:1  | Reached XP level 1. HP: 19/19 MP: 2/2
    43 | Abyss:2  | Found an iron altar of Okawaru.
    50 | Abyss:3  | Found a broken altar of Ashenzari.
    53 | Abyss:3  | Noticed a large abomination
    82 | Abyss:3  | Noticed an apocalypse crab
    84 | Abyss:3  | Mangled by a large abomination

Illustrated notes

Levels and vault maps discovered:
Abyss:3:  base: Temple, bh_abyss_exit_grid, minivault_1,
          evilmike_abyss_exit_chaos, evilmike_abyss_exit_chaos, minivault_24,
          gammafunk_abyss_rune_reverse_zot

Action                   || total
-------------------------++-------
Dodge: Dodged            ||     1

Table legend: (Time is in decaauts)
 A = Elapsed time spent in this place.
 B = Non-inter-level travel time spent in this place.
 C = Inter-level travel time spent in this place.
 D = Time resting spent in this place.
 E = Time spent auto-exploring this place.
 F = Levels seen in this place.
 G = Mean time per level.
                   A        B        C        D        E       F      G
               +--------+--------+--------+--------+--------+-----+--------+
         Total |     83 |     83 |      0 |      0 |     34 |   3 |   27.7 |
         Abyss |     83 |     83 |      0 |      0 |     34 |   3 |   27.7 |
               +--------+--------+--------+--------+--------+-----+--------+

Top non-repeatable levels by time:
 Abyss:3: 34 daAuts
 Abyss:2: 32 daAuts
 Abyss:1: 16 daAuts
